 Dungeon Crawl Stone Soup version 0.26-b1-32-g5d43845318 (webtiles) character file.

Game seed: 6033720819833253504

954 Borgoz the Cudgeller (level 8, -7/72 HPs)
             Began as a Gargoyle Gladiator on Jan 10, 2021.
             Mangled by an ogre
             ... wielding a +0 giant club
              (25 damage)
             ... on level 5 of the Dungeon.
             The game lasted 00:05:39 (4554 turns).

Borgoz the Cudgeller (Gargoyle Gladiator)           Turns: 4554, Time: 00:05:39

Health: -7/72      AC: 13    Str: 18    XL:     8   Next: 14%
Magic:  8/8        EV: 13    Int:  9    God:
Gold:   122        SH:  0    Dex: 13    Spells: 7/7 levels left

rFire    + . .     SeeInvis +   a - +0 flail
rCold    . . .     Faith    .   (no shield)
rNeg     + . .     Spirit   .   b - +0 leather armour
rPois    ∞         Reflect  .   c - +0 helmet
rElec    +         Harm     .   g - +1 cloak
rCorr    .         Rampage  .   r - +0 pair of gloves
Will     .....                  (no boots)
Stlth    ..........             (no amulet)
HPRegen  0.22/turn              i - ring of see invisible
MPRegen  0.11/turn              o - ring of protection from fire

@: berserking, very quick
A: negative energy resistance 1, electricity resistance, unbreathing,
petrification resistance, miasma immunity, AC +5
a: no special abilities


You were on level 5 of the Dungeon.
You visited 2 branches of the dungeon, and saw 6 of its levels.

You collected 122 gold pieces.

Inventory:

Hand Weapons
 a - a +0 flail (weapon)
Armour
 b - a +0 leather armour (worn)
 c - a +0 helmet (worn)
 g - a +1 cloak (worn)
 r - a +0 pair of gloves (worn)
Jewellery
 i - a ring of see invisible (left hand)
 o - a ring of protection from fire (right hand)
Wands
 j - a wand of iceblast (4)
Scrolls
 h - 2 scrolls of teleportation
 l - 2 scrolls of fog {unknown}
 q - a scroll of fear {unknown}
 t - a scroll of enchant armour {unknown}
 v - a scroll of noise {unknown}
Potions
 d - 2 potions of mutation {unknown}
 f - 4 potions of resistance
 k - a potion of brilliance {unknown}
 n - 2 potions of lignification
 p - a potion of degeneration {unknown}
 s - a potion of attraction {unknown}
 u - a potion of flight {unknown}


   Skills:
 + Level 4.8 Fighting
 * Level 6.5 Maces & Flails
 - Level 1.7 Throwing
 + Level 4.1 Armour
 + Level 4.1 Dodging


You had 7 spell levels left.
You didn't know any spells.
Your spell library contained the following spells:

 Spells                   Type           Power        Failure   Level
 Summon Small Mammal      Summ           0%           43%         1
 Call Imp                 Summ           0%           58%         2
 Call Canine Familiar     Summ           0%           82%         3
 Summon Guardian Golem    Hex/Summ       0%           82%         3
 Summon Ice Beast         Ice/Summ       0%           99%         4
 Summon Lightning Spire   Summ/Air       0%           99%         4


Dungeon Overview and Level Annotations

Branches:
Dungeon (5/15)             Temple (1/1) D:4

Altars:
Ashenzari
Cheibriados
Dithmenos
Elyvilon
Fedhas
Gozag
Hepliaklqana
Makhleb
Nemelex Xobeh
Qazlal
Ru
Sif Muna
Uskayaw
Vehumet
Xom
Yredelemnul
Zin
The Shining One

Annotations:
D:5 Pikel


Innate Abilities, Weirdness & Mutations

You are resistant to torment.
Your stone body is resilient. (AC +5)
You are immune to poison.
You resist negative energy. (rN+)
You are resistant to electric shocks. (rElec)
You can survive without breathing.
You are immune to petrification.
You are immune to miasma.


Message History

The ogre barely misses you.
You hit the ogre.
The ogre is moderately wounded.
A white imp comes into view.
The ogre hits you with a +0 giant club!
The white imp shouts, "Scamper home, thou venomed shard-borne vulture!"
You hit the ogre.
The ogre is moderately wounded.
The ogre hits you with a +0 giant club!!
* * * LOW HITPOINT WARNING * * *
You are too injured to fight recklessly!
You are too injured to fight recklessly!
Unknown command.
A red film seems to cover your vision as you go berserk!
You feel yourself moving faster!
You feel mighty! The white imp spits at you.
You thump the ogre!
The ogre is severely wounded.
The ogre hits you with a +0 giant club!!
You die...

......# ......# #.##......
......# #.#.....". ......#
#.........
.##...####+####........#
.#..#....#(#.....$.....#
.#.......###.##.....5...
...#.........##..O....#..._..
...#.........##.@....##......
..##................###........
..............#......##........
...................#............
...#.......#.##....#....##......
.###.......######........#.....
..........## ##......÷.......
..###.....## ##......#.....##
#.# ####...## #.............##


You could see an ogre and a white imp.

Vanquished Creatures
  Sigmund (D:5)
  2 ogres (D:4)
  A necrophage (D:5)
  2 orc priests
  Crazy Yiuf (D:2)
  A bullfrog skeleton (D:4)
  Jessica (D:2)
  3 orc wizards (D:4)
  Ijyb (D:5)
  An iguana (D:4)
  2 worker ants
  6 gnolls
  3 adders
  2 oozes
  5 worms
  6 dart slugs
  6 leopard geckos
  14 orcs
  A ball python (D:1)
  7 bats
  5 giant cockroaches
  7 hobgoblins
  4 jackals (D:2)
  5 kobolds
  2 quokkas
  5 frilled lizards
  5 goblins
  A quokka zombie (D:3)
  4 rats
104 creatures vanquished.

Notes
Turn   | Place    | Note
-------+----------+-------------------------------------------
     0 | D:1      | Borgoz the Gargoyle Gladiator began the quest for the Orb.
     0 | D:1      | Reached XP level 1. HP: 12/12 MP: 1/1
   182 | D:1      | Reached XP level 2. HP: 14/18 MP: 2/2
   696 | D:1      | Reached skill level 1 in Armour
   888 | D:2      | Reached XP level 3. HP: 22/22 MP: 3/3
  1251 | D:2      | Reached XP level 4. HP: 27/27 MP: 4/4
  1480 | D:2      | Reached skill level 4 in Maces & Flails
  1773 | D:2      | Found a runed translucent door.
  1774 | D:2      | Noticed Crazy Yiuf
  1911 | D:2      | Noticed Jessica
  1924 | D:2      | Killed Jessica
  1925 | D:2      | Reached XP level 5. HP: 30/32 MP: 5/5
  2161 | D:2      | Killed Crazy Yiuf
  2411 | D:3      | Reached XP level 6. HP: 32/37 MP: 6/6
  3062 | D:4      | Reached skill level 5 in Maces & Flails
  3170 | D:4      | Found a shadowy altar of Dithmenos.
  3305 | D:4      | Found a basalt altar of Yredelemnul.
  3305 | D:4      | Found a burning altar of Makhleb.
  3371 | D:4      | Reached XP level 7. HP: 28/42 MP: 7/7
  3910 | D:4      | Found a staircase to the Ecumenical Temple.
  3966 | Temple   | Entered the Ecumenical Temple
  4113 | D:4      | Found a shimmering blue altar of Sif Muna.
  4171 | D:5      | Entered Level 5 of the Dungeon
  4180 | D:5      | Found an opulent altar of Gozag.
  4218 | D:5      | Reached skill level 6 in Maces & Flails
  4249 | D:5      | Noticed Sigmund
  4280 | D:5      | Killed Sigmund
  4281 | D:5      | Reached XP level 8. HP: 41/48 MP: 8/8
  4337 | D:5      | Noticed Pikel
  4364 | D:5      | Noticed Ijyb
  4367 | D:5      | Found a white marble altar of Elyvilon.
  4376 | D:5      | Killed Ijyb
  4554 | D:5      | Mangled by an ogre

Illustrated notes

Levels and vault maps discovered:
D:1:      elethiomel_arrival_infinity_welcomes_careful_drivers, layout_basic,
          minivault_19
D:2:      layout_loops_corners, minmay_misc_feat_room, uniq_crazy_yiuf_cottage,
          uniq_jessica
D:3:      layout_basic, minmay_misc_feat_doors
D:4:      minmay_general_purpose_star, layout_basic,
          chequers_temple_overflow_statue_of_worship, led_sif_pool,
          minmay_temple_entry_ruins, grunt_decor_junction,
          nicolae_dithmenos_through_a_glass_darkly
D:5:      layout_cave_pools, lemuel_coloured_pillars_altar, basic_altar,
          serial_shops, shop_fountains, grunt_tough_drop, uniq_ijyb,
          uniq_sigmund, uniq_pikel
Temple:   jpeg_temple_clearing

Skill      XL: |  1  2  3  4  5  6  7 |
---------------+----------------------+-----
Armour         | 1 2 3 4 |  4.1
Maces & Flails | 4 5 6 |  6.5
Fighting       | 3 4 |  4.8
Dodging        | 3 4 |  4.1
Throwing       | |  1.7

Action                   |  1- 3 |  4- 6 |  7- 9 || total
-------------------------+-------+-------+-------++-------
Melee: Flail             |   105 |   256 |   120 ||   481
Throw: Throwing net      |     2 |     2 |     2 ||     6
  Use: Scroll            |       |       |     4 ||     4
       Potion            |       |       |     1 ||     1
 Stab: Held in net/web   |     1 |       |       ||     1
Armor: Leather armour    |    50 |   105 |    41 ||   196
Dodge: Dodged            |    83 |   174 |    68 ||   325
